 Dungeon Crawl Stone Soup version 0.29-a0-451-gfbfa42419e (webtiles) character file.

Game seed: 18127108329395873709

3 Pelinal the Firebug (level 1, 0/10 HPs)
             Began as a Deep Elf Fire Elementalist on May 20, 2022.
             Slain by a bat (1 damage)
             ... on level 1 of the Dungeon.
             The game lasted 00:00:31 (244 turns).

Pelinal the Firebug (Deep Elf Fire Elementalist)     Turns: 244, Time: 00:00:32

Health: 0/10       AC:  2    Str:  5    XL:     1   Next: 41%
Magic:  2/6        EV: 12    Int: 19    God:
Gold:   14         SH:  0    Dex: 15    Spells: 5/6 levels left

rFire   . . .      SeeInvis .   (no weapon)
rCold   . . .      Faith    .   (no shield)
rNeg    . . .      Spirit   .   a - +0 robe
rPois   .          Reflect  .   (no helmet)
rElec   .          Harm     .   (no cloak)
rCorr   .          Rampage  .   (no gloves)
Will    .....                   (no boots)
Stlth   ++........              (no amulet)
HPRegen 0.03/turn               (no ring)
MPRegen 0.10/turn               (no ring)

@: no status effects
A: no striking features
a: no special abilities


You were on level 1 of the Dungeon.
You visited 1 branch of the dungeon, and saw 1 of its levels.

You collected 14 gold pieces.

Inventory:

Armour
 a - a +0 robe (worn)
Scrolls
 c - a scroll of blinking {unknown}
 e - a scroll of fear {unknown}
Potions
 b - a potion of magic
 d - a potion of heal wounds {unknown}


   Skills:
 + Level 2.5 Dodging
 + Level 2.5 Stealth
 + Level 3.0 Spellcasting
 + Level 1.2 Conjurations
 + Level 3.3 Fire Magic


You had 5 spell levels left.
You knew the following spells:

 Your Spells              Type           Power      Damage    Failure   Level
a - Foxfire               Conj/Fire      44%        2x1d6     6%          1

Your spell library contained the following spells:

 Spells                   Type           Power      Damage    Failure   Level
 Scorch                   Fire           30%        2d7       6%          2
 Conjure Flame            Conj/Fire      11%        6-21      19%         3
 Inner Flame              Hex/Fire       9%         N/A       22%         3
 Flame Wave               Conj/Fire      11%        2d5       52%         4


Dungeon Overview and Level Annotations

Branches:
Dungeon (1/15)

Altars:


Message History

The bat hits you. x2
The bat closely misses you. x2
Casting: Foxfire (safe; 6% risk of failure)
Confirm with . or Enter, or press ? or * to list all spells.
There is not enough space to conjure foxfire!
Unknown command.
Unknown command.
Casting: Foxfire (safe; 6% risk of failure)
Confirm with . or Enter, or press ? or * to list all spells.
There is not enough space to conjure foxfire!
Unknown command.
You open the door.
A hobgoblin comes into view.
The bat hits you but does no damage.
Found 9 gold pieces and a chain mail.
The bat hits you but does no damage.
There is an open door here.
A bat comes into view.
Found a scroll labelled HUWUAJ BEASE.
The bat hits you.
The hobgoblin shouts!
The bat attacks as you move away! The bat hits you.
A bat comes into view.
The bat closely misses you. The bat hits you but does no damage.
The hobgoblin attacks as you move away! The hobgoblin barely misses you.
The bat completely misses you. The bat barely misses you.
The bat hits you but does no damage.
Casting: Foxfire (safe; 6% risk of failure)
Confirm with . or Enter, or press ? or * to list all spells.
You conjure some foxfire!
The bat hits you but does no damage. The bat barely misses you. x2
Your foxfire dissipates!
The foxfire hits the bat.
The bat is moderately wounded.
The bat hits you but does no damage. The hobgoblin hits you.
Ouch! That really hurt!
* * * LOW HITPOINT WARNING * * *
The bat barely misses you.
Casting: Foxfire (safe; 6% risk of failure)
Confirm with . or Enter, or press ? or * to list all spells.
You conjure some foxfire!
The bat closely misses you. The bat hits you.
You die...

.........# ...#
..[......# ...#
.........+ ... ..
.........######.######
.
.........'............
.
.........######.).....
# .......gb?.# .......
# ......bvg..# #..$...
# #####..@b..# ......
# #.v....# ...... #
#......# ..... #
#......# ##### #
#......# # #......# #
######## # ##########
........##


You could see a hobgoblin (ally target), a goblin and 3 bats.

Vanquished Creatures
  A giant cockroach (D:1)
  A frilled lizard (D:1)
  2 rats (D:1)
4 creatures vanquished.

Vanquished Creatures (others)
  10 foxfires (D:1)
10 creatures vanquished.

Grand Total: 14 creatures vanquished

Notes
Turn   | Place    | Note
-------+----------+-------------------------------------------
     0 | D:1      | Pelinal the Deep Elf Fire Elementalist began the quest for
                  | the Orb.
     0 | D:1      | Reached XP level 1. HP: 10/10 MP: 6/6
   244 | D:1      | Slain by a bat

Illustrated notes

Levels and vault maps discovered:
D:1:      psy_arrival_radial01, layout_basic,
          hellmonk_ecumenical_altar_heavens_door

Action                   || total
-------------------------++-------
 Cast: Foxfire           ||    10
Armor: Robe              ||    11
Dodge: Dodged            ||    28

Table legend: (Time is in decaauts)
 A = Elapsed time spent in this place.
 B = Non-inter-level travel time spent in this place.
 C = Inter-level travel time spent in this place.
 D = Time resting spent in this place.
 E = Time spent auto-exploring this place.
 F = Levels seen in this place.
 G = Mean time per level.
                   A        B        C        D        E       F      G
               +--------+--------+--------+--------+--------+-----+--------+
         Total |    244 |    244 |      0 |      0 |    178 |   1 |  244.0 |
       Dungeon |    244 |    244 |      0 |      0 |    178 |   1 |  244.0 |
               +--------+--------+--------+--------+--------+-----+--------+

Top non-repeatable levels by time:
     D:1: 244 daAuts
